 Dungeon Crawl Stone Soup version 0.16.1-30-g34a7ffa (webtiles) character file.

96 Noboking the Chiller (level 4, -3/28 HPs)
             Began as a High Elf Ice Elementalist on June 28, 2015.
             Was an Initiate of Sif Muna.
             Slain by an ogre
             ... wielding a +0 giant spiked club
              (31 damage)
             ... on level 3 of the Dungeon.
             The game lasted 00:10:03 (3339 turns).

Noboking the Chiller (High Elf Ice Elementalist)    Turns: 3339, Time: 00:10:03

Health: -3/28      AC:  3    Str:  7      XL:     4   Next: 41%
Magic:  11/12      EV: 13    Int: 17 (19) God:    Sif Muna [......]
Gold:   110        SH:  0    Dex: 16      Spells: 3 memorised, 3 levels left

rFire  . . .     SeeInvis .     g - -1 club (curse)
rCold  . . .     Clarity  +     a - +0 robe
rNeg   . . .     SustAb   .     (no shield)
rPois  .         Gourm    .     (helmet restricted)
rElec  .         Spirit   .     i - +0 cloak
rCorr  .         Warding  .     (no gloves)
rMut   .         Stasis   .     (no boots)
MR     .....                    (no amulet)
Stlth  ++........               (no ring)
                                p - ring of flight

@: not resistant to hostile enchantments, unstealthy
A: antennae 1, hooves 1, clarity
a: Renounce Religion, Evoke Flight


You were on level 3 of the Dungeon.
You worshipped Sif Muna.
Sif Muna was noncommittal.
You were completely stuffed.

You visited 1 branch of the dungeon, and saw 3 of its levels.

You collected 110 gold pieces.

Inventory:

Hand weapons
 e - a +0 hunting sling
 f - a +0 dagger
 g - a cursed -1 club (weapon)
 l - a +0 hunting sling
Missiles
 h - 44 stones (quivered)
 q - 37 sling bullets
Armour
 a - a +0 robe (worn)
 i - a +0 cloak (worn)
 t - a +0 robe
Jewellery
 p - a ring of flight (left hand)
Scrolls
 j - a scroll of enchant weapon {unknown}
 k - 2 scrolls of teleportation
 o - a scroll of fog {unknown}
 r - a scroll of remove curse {unknown}
 w - a scroll of amnesia
Potions
 d - a potion of ambrosia
 n - a potion of haste {unknown}
 u - a potion of resistance {unknown}
 v - a potion of mutation
Books
 b - a book of Frost

   Spells                             Type                      Level
   a - Freeze                         Ice                          1
   b - Throw Frost                    Conjuration/Ice              2
   c - Ozocubu's Armour               Charms/Ice                   3
   d - Throw Icicle                   Conjuration/Ice              4
   e - Summon Ice Beast               Ice/Summoning                4
   f - Condensation Shield            Ice                          4
Comestibles
 c - 3 bread rations
 m - a slice of pizza
 s - 2 meat rations


   Skills:
 + Level 1.0 Fighting
 + Level 0.1 Maces & Flails
 + Level 0.2 Throwing
 + Level 3.3 Dodging
 + Level 2.4 Stealth
 + Level 3.3 Spellcasting
 + Level 1.1 Conjurations
 + Level 3.7 Ice Magic


You had 3 spell levels left.
You knew the following spells:

 Your Spells              Type           Power        Failure   Level  Hunger
a - Freeze                Ice            ###.         3%          1    None
b - Throw Frost           Conj/Ice       ##....       12%         2    ##.....
c - Ozocubu's Armour      Chrm/Ice       #.......     24%         3    ###....


Dungeon Overview and Level Annotations

Branches:
Dungeon (3/15)

Altars:
Sif Muna


Innate Abilities, Weirdness & Mutations

You have a pair of small antennae on your head.
You have large cloven feet.
You possess an exceptional clarity of mind.


Message History

Aiming: Freeze
Press: ? - help, Shift-Dir - straight line, f - giant cockroach
Aim: a giant cockroach You freeze the giant cockroach.
You kill the giant cockroach!
You now have 102 gold pieces (gained 5).
You now have 110 gold pieces (gained 8).
An ogre comes into view. It is wielding a giant spiked club.
The ogre shouts!
The ogre closely misses you.
Casting: Freeze
Confirm with . or Enter, or press ? or * to list all spells.
Aiming: Freeze
Press: ? - help, Shift-Dir - straight line, f - ogre
Aim: an ogre, wielding a giant spiked club You freeze the ogre.
The ogre is lightly wounded.
The ogre hits you with a giant spiked club!!
Ouch! That really hurt!
You die...

# .# ..# #####
..### #.O.+......
#@###...###
########.#<......#
#........#.#####.#
#........#.....#
#..........#.###
#.......†..#...
#######....# ###
##.#.......#
#.#######.


You could see an ogre.

Vanquished Creatures
  3 adders (D:2)
  2 worms (D:2)
  A giant gecko (D:1)
  An ooze (D:1)
  5 bats
  4 giant cockroaches
  13 goblins
  5 hobgoblins
  4 jackals (D:1)
  4 kobolds
  A ball python (D:1)
  4 giant newts
  7 rats
54 creatures vanquished.

Notes
Turn   | Place    | Note
--------------------------------------------------------------
     0 | D:1      | Noboking, the High Elf Ice Elementalist, began the quest for the Orb.
     0 | D:1      | Reached XP level 1. HP: 11/11 MP: 4/4
   458 | D:1      | Reached XP level 2. HP: 12/17 MP: 1/6
  1817 | D:1      | Reached XP level 3. HP: 8/21 MP: 1/9
  2190 | D:1      | Gained mutation: You have large cloven feet. [potion of mutation]
  2190 | D:1      | Gained mutation: You possess an exceptional clarity of mind. [potion of mutation]
  2190 | D:1      | Gained mutation: You have a pair of small antennae on your head. [potion of mutation]
  2264 | D:2      | Learned a level 2 spell: Throw Frost
  2268 | D:2      | Learned a level 3 spell: Ozocubu's Armour
  2849 | D:2      | Reached skill level 1 in Fighting
  2849 | D:2      | Reached XP level 4. HP: 26/28 MP: 4/12
  2987 | D:2      | Found a deep blue altar of Sif Muna.
  2990 | D:2      | Became a worshipper of Sif Muna the Loreminder
  3336 | D:3      | Noticed an ogre
  3339 | D:3      | Slain by an ogre

Action                   |  1- 3 |  4- 6 || total
-------------------------+-------+-------++-------
Melee: Unarmed           |     5 |       ||     5
       Club              |    90 |    34 ||   124
Throw: Stone             |     5 |     3 ||     8
 Cast: Freeze            |    54 |     8 ||    62
       Ozocubu's Armour  |     1 |       ||     1
       Throw Frost       |       |     8 ||     8
  Use: Scroll            |     5 |       ||     5
       Potion            |     4 |       ||     4
  Eat: Meat ration       |     1 |       ||     1
       Beef jerky        |     1 |       ||     1
       Bread ration      |       |     2 ||     2
       Fruit             |       |     1 ||     1
